 Dungeon Crawl Stone Soup version 0.29-a0-416-g83a48905f1 (webtiles) character file.

Game seed: 10002776714429675601

42 hquester the Skirmisher (level 3, -3/29 HPs)
             Began as a Demonspawn Abyssal Knight on May 16, 2022.
             Was a Believer of Lugonu.
             Slain by a gnoll
             ... wielding a +4 flail
              (7 damage)
             ... on level 2 of the Dungeon.
             The game lasted 00:03:00 (1158 turns).

hquester the Skirmisher (Demonspawn Abyssal Knight) Turns: 1158, Time: 00:03:01

Health: -3/29      AC:  3    Str: 13    XL:     3   Next: 35%
Magic:  5/5        EV: 15    Int: 13    God:    Lugonu [**....]
Gold:   42         SH:  0    Dex: 13    Spells: 3/3 levels left

rFire   . . .      SeeInvis .   a - +1 short sword
rCold   . . .      Faith    .   (no shield)
rNeg    . . .      Spirit   .   b - +0 leather armour
rPois   .          Reflect  .   (no helmet)
rElec   .          Harm     .   (no cloak)
rCorr   .          Rampage  .   (no gloves)
Will    .....                   (no boots)
Stlth   +.........              (no amulet)
HPRegen 0.09/turn               c - +4 ring of evasion
MPRegen 0.09/turn               (no ring)

@: no status effects
A: claws 1
a: Renounce Religion, Depart the Abyss, Bend Space


You were on level 2 of the Dungeon.
You worshipped Lugonu.
Lugonu was pleased with you.
You visited 1 branch of the dungeon, and saw 2 of its levels.
You visited the Abyss 1 time.

You collected 42 gold pieces.

Inventory:

Hand Weapons
 a - a +1 short sword (weapon)
Armour
 b - a +0 leather armour (worn)
 d - a +0 scale mail
Jewellery
 c - a +4 ring of evasion (left claw)
Scrolls
 f - a scroll of noise {unknown}
 g - 3 scrolls of identify {unknown}
 h - a scroll of brand weapon {unknown}
 i - a scroll of immolation {unknown}
Potions
 e - a potion of ambrosia {unknown}
 j - a potion of heal wounds {unknown}


   Skills:
 + Level 3.1 Fighting
 + Level 2.0 Short Blades
 + Level 2.0 Armour
 + Level 1.3 Dodging
 + Level 0.6 Stealth
 + Level 0.4 Unarmed Combat
 + Level 0.6 Spellcasting
 + Level 2.8 Invocations
 + Level 0.6 Evocations


You had 3 spell levels left.
You didn't know any spells.
Your spell library contained the following spells:

 Spells                   Type           Power      Damage    Failure   Level
 Slow                     Hex            0%         N/A       36%         1
 Confusing Touch          Hex            0%         N/A       75%         3
 Vampiric Draining        Necr           0%         2d6       75%         3


Dungeon Overview and Level Annotations

Branches:
Dungeon (2/15)

Altars:


Innate Abilities, Weirdness & Mutations

You have sharp fingernails.


Message History

You feel clever. x2
Found a scroll labelled GUEBAI ETTYIFF.
Okay, then.
An adder comes into view.
You see here a sedimented emerald potion.
j - a sedimented emerald potion The adder hisses angrily.
There is a stone staircase leading up here.
You barely miss the adder. The adder bites you.
You hit the adder but do no damage. The adder closely misses you.
You miss the adder. The adder closely misses you. The adder misses you.
You hit the adder.
The adder is heavily wounded.
The adder closely misses you.
You hit the adder.
The adder is severely wounded.
The adder barely misses you.
You puncture the adder!
You kill the adder!
Lugonu accepts your kill.
HP restored.
g - 3 scrolls labelled GUEBAI ETTYIFF (gained 1)
A gnoll comes into view. It is wielding a +4 flail.
The gnoll shouts!
The gnoll moves out of view. 2 gnolls come into view.
The gnoll shouts!
A gnoll comes into view. It is wielding a +0 whip.
The gnoll shouts!
Found a leather armour.
You hit the gnoll.
The gnoll is lightly wounded.
The gnoll misses you. The gnoll hits you with a +4 flail! The gnoll misses you.
The gnoll attacks as you move away! The gnoll hits you with a +4 flail!
* * * LOW HITPOINT WARNING * * *
You hit the gnoll.
The gnoll is lightly wounded.
The gnoll hits you with a +4 flail!
You die...

............### ..
###..........# ...
#..........# #####..
##..........# .......
#...........# .......
#...........# .......##
#...........#
........#####...........#
..........g@............#
#####$..#####..........#
#...#####..........#
#.......#..........#
#.......#..........#
#...gg..#.##########
.........#.#
[##.......#.# #
#..#..r.#.#


You could see a gnoll.

Vanquished Creatures
  2 adders (D:2)
  3 ball pythons (D:1)
  5 endoplasms (D:1)
  A giant cockroach (D:1)
  3 goblins (D:1)
  A hobgoblin (D:1)
  3 bats (D:1)
  2 frilled lizards (D:1)
  2 kobolds (D:1)
22 creatures vanquished.

Notes
Turn   | Place    | Note
-------+----------+-------------------------------------------
     0 | Abyss:1  | hquester the Demonspawn Abyssal Knight began the quest for
                  | the Orb.
     0 | Abyss:1  | Reached XP level 1. HP: 18/18 MP: 2/2
     7 | D:1      | Escaped the Abyss
    60 | D:1      | Reached skill level 1 in Dodging
   385 | D:1      | Gained mutation: You have sharp fingernails. [demonic
                  | ancestry]
   385 | D:1      | Reached XP level 2. HP: 20/24 MP: 3/3
  1010 | D:2      | Reached XP level 3. HP: 19/29 MP: 5/5
  1158 | D:2      | Slain by a gnoll

Illustrated notes

Levels and vault maps discovered:
D:1:      psy_arrival_conway, layout_rooms
D:2:      layout_basic, hellmonk_ecumenical_altar_leap_of_faith,
          grunt_decor_resistance, chequers_serial_rivers_small_b,
          minmay_ruptured

Skill      XL: |  1  2 |
---------------+-------+-----
Dodging        | 1 |  1.3
Short Blades   | 2 |  2.0
Armour         | 2 |  2.0
Fighting       | |  3.1
Stealth        | |  0.6
Unarmed Combat | |  0.4
Spellcasting   | |  0.6
Invocations    | |  2.8
Evocations     | |  0.6

Action                   || total
-------------------------++-------
Melee: Short sword       ||    76
Armor: Leather armour    ||    14
Dodge: Dodged            ||    67

Table legend: (Time is in decaauts)
 A = Elapsed time spent in this place.
 B = Non-inter-level travel time spent in this place.
 C = Inter-level travel time spent in this place.
 D = Time resting spent in this place.
 E = Time spent auto-exploring this place.
 F = Levels seen in this place.
 G = Mean time per level.
                   A        B        C        D        E       F      G
               +--------+--------+--------+--------+--------+-----+--------+
         Total |   1161 |   1156 |      5 |      0 |    918 |   3 |  387.0 |
       Dungeon |   1154 |   1149 |      5 |      0 |    918 |   2 |  577.0 |
         Abyss |      7 |      7 |      0 |      0 |      0 |   1 |    7.0 |
               +--------+--------+--------+--------+--------+-----+--------+

Top non-repeatable levels by time:
     D:1: 996 daAuts
     D:2: 157 daAuts
 Abyss:1: 7 daAuts
